cohdb
Replays
Latest Replays
All Replays
Popular Replays
Top Player Replays
Match Explorer
How It Works
Community
CoH3 Stats
Reddit
Sign in to upload your games and track your stats! →
Sign in with Steam
Match 42765348
Unlisted
Match 42765348
Overview
Messages
Build Orders
End
Pioneer Squad
Construct Infanterie Kompanie
Selects Terror Battlegroup
MG 42 Machine Gun Team
MG 42 Machine Gun Team
Grenadier Squad
GrW 34 Mortar Team
Grenadier Squad
Construct Luftwaffe Kompanie
Medical Station
Support Elements
Infanterie Officer Quarters
Selects Heavy Gunnery
Luftwaffe Officer Quarters
Wirbelwind Flakpanzer
Construct Panzergrenadier Kompanie
Selects Defend the Fatherland
Nebelwerfer 42 Rocket Launcher Team
Jäger Squad
Jäger Squad
Construct Panzer Kompanie
Jäger Squad
Jack丶阿彬
士兵的勋章
歪咔曲啃(绝地逃兵)
~j~[Ghostdivision][NurnTyp]
kerem
ShadowStorm
Olumiant
tillre
0
0
Comments
sign in to comment!
No comments posted yet!